AoeStats
← fat_dgk

Nomad

510006978Analyzed
4v4 RM · 2d ago on Sep 29, 2026· 46m 40s· 8 players
Game mode
Random Map
Map size
231×231
Population
200
Speed
Normal
Resources
Standard
Victory
Conquest
Starting age
Dark Age
Ending age
Imperial Age
RankedLock teamsTeams togetherTeam positionsShared explorationLock speedFull tech treeHidden civsTurbo modeCheats
Victory
Defeat
🇲🇽 Malians · Mexico
1235
+16
🇨🇱 Saxons · Chile
1229
+16
🇦🇷 Vietnamese · Argentina
1218
+17
🇨🇱 Bohemians · Chile
1187
+18
1266
-17
🇨🇦 Ethiopians · Canada
1247
-17
🇺🇸 Varangians · United States
1235
-17
🇲🇽 Franks · Mexico
1204
-16
ReBeL_persi
5:17 Loom
14:17 Feudal Age
16:41 Double-Bit Axe
20:11 Castle Age
17:59 Town Watch
21:12 Medium Warships
25:07 Fishing Lines
26:53 Ballistics
26:24 Fletching
28:05 Gold Mining
30:15 Murder Holes
30:24 Bodkin Arrow
30:30 Horse Collar
39:12 Imperial Age
36:48 Gillnets
39:56 Bow Saw
40:03 Bracer
41:26 Chemistry
42:23 Elite Rattan Archer
45:48 Two-Man Saw
fat_dgk
10:26 Loom
13:56 Feudal Age
20:42 Castle Age
19:00 Double-Bit Axe
20:01 Fletching
22:53 Fervor
26:54 Sanctity
32:05 Wheelbarrow
32:52 Horse Collar
37:16 Imperial Age
34:24 Pikeman
35:05 Squires
35:59 Wagenburg Tactics
37:49 Hand Cart
38:30 Halberdier
39:18 Heavy Plow
40:52 Chemistry
40:34 Bodkin Arrow
40:40 Padded Archer Armor
44:03 Scale Mail Armor
44:13 Forging
44:04 Bracer
44:32 Siege Engineers
46:28 Coinage
45:56 Arson
46:27 Chain Mail Armor
46:48 Iron Casting
El Conchetumare
6:19 Loom
14:43 Feudal Age
18:48 Castle Age
17:39 Double-Bit Axe
18:07 Forging
17:58 Scale Mail Armor
20:01 Fletching
20:47 Iron Casting
21:37 Bodkin Arrow
33:17 Crossbowman
36:33 Padded Archer Armor
38:46 Wheelbarrow
38:36 Ballistics
[GDL] R_Oak
5:16 Loom
13:03 Feudal Age
13:29 Double-Bit Axe
15:17 Horse Collar
17:13 Fletching
21:19 Castle Age
19:45 Gold Mining
22:12 Medium Warships
22:05 Bodkin Arrow
22:59 Bow Saw
25:18 Heavy Plow
28:35 Wheelbarrow
28:26 Pikeman
29:08 Scale Mail Armor
29:59 Squires
32:55 Forging
35:36 Chain Mail Armor
40:36 Imperial Age
40:14 Hand Cart
41:39 Gold Shaft Mining
41:58 Plate Mail Armor
42:09 Man-at-Arms
43:27 Iron Casting
43:08 Town Watch
43:38 Fishing Lines
46:11 Conscription
45:56 Farimba
45:46 Arson
46:16 Long Swordsman
Kryptonknight
10:58 Loom
14:00 Feudal Age
19:28 Castle Age
29:50 Fletching
41:37 Horse Collar
41:58 Double-Bit Axe
45:38 Town Watch
fonsejua
5:26 Loom
17:35 Feudal Age
18:09 Double-Bit Axe
22:06 Fletching
25:29 Castle Age
25:46 Crossbowman
39:27 Bodkin Arrow
45:43 Thumb Ring
Sr_Pika_mx
9:38 Loom
15:53 Feudal Age
16:18 Fishing Lines
16:25 Double-Bit Axe
17:35 Wheelbarrow
20:28 Castle Age
20:12 Forging
21:25 Bow Saw
21:06 Gold Mining
21:31 Gillnets
22:25 Hand Cart
22:49 Gold Shaft Mining
23:08 Iron Casting
29:23 Scale Barding Armor
32:22 Town Watch
35:48 Husbandry
38:13 Chain Barding Armor
43:17 Imperial Age
43:49 Cavalier
[WWW - KT] Er MaRdiTho!
3:53 Loom
4:09 Loom
12:52 Feudal Age
13:33 Double-Bit Axe
15:33 Fletching
15:26 Fishing Lines
22:03 Castle Age
21:02 Arson
22:36 Wheelbarrow
22:37 Gillnets
22:56 Squires
22:17 Pikeman
23:10 Bow Saw
23:29 Stone Mining
23:52 Horse Collar
34:41 Scale Mail Armor
34:52 Forging
35:06 Gold Mining
38:07 Gold Shaft Mining
37:35 Town Watch
38:59 Iron Casting
38:40 Chain Mail Armor
46:50 Imperial Age
44:28 Bodkin Arrow
44:47 Padded Archer Armor
Connection lost

Rejoining the realm…

Still unreachable

The connection could not be restored.

Session expired

The server has moved on; the page needs a fresh start.